 Dungeon Crawl Stone Soup version 0.20.0-6-gd3061e9 (webtiles) character file.

7103 cereshysteria the Grappler (level 10, -5/88 HPs)
             Began as a Troll Monk on May 28, 2017.
             Was a High Priest of Cheibriados.
             Slain by a five-headed hydra (10 damage)
             ... on level 1 of the Lair of Beasts.
             The game lasted 00:41:29 (10580 turns).

cereshysteria the Grappler (Troll Monk)            Turns: 10580, Time: 00:41:30

Health: -5/88      AC:  7    Str: 34    XL:     10   Next: 84%
Magic:  0/12       EV: 18    Int: 17    God:    Cheibriados [*****.]
Gold:   511        SH:  0    Dex: 24    Spells: 9/9 levels left

rFire    + . .     SeeInvis .     - Unarmed
rCold    . . .     Gourm    +   (no shield)
rNeg     . . .     Faith    .   o - +2 robe {MR+}
rPois    +         Spirit   +   (helmet restricted)
rElec    .         Reflect  .   (no cloak)
rCorr    .         Harm     .   (gloves unavailable)
MR       +....                  (boots unavailable)
Stlth    ++........             c - amulet of guardian spirit
Regen    0.7/turn               r - ring of protection from fire
MPRegen  0.2/turn               F - ring of poison resistance

@: very slightly contaminated, very slow
A: unfitting armour, claws 3, fast metabolism 3, gourmand, regeneration 1,
shaggy fur 1, tough skin 2
a: Bend Time, Temporal Distortion, Slouch, Step From Time, Renounce Religion


You were on level 1 of the Lair of Beasts.
You worshipped Cheibriados.
Cheibriados was extremely pleased with you.
You were not hungry.

You visited 3 branches of the dungeon, and saw 11 of its levels.
You also visited: Sewer.

You collected 581 gold pieces.
You spent 70 gold pieces at shops.

Inventory:

Armour
 o - a +2 robe of magic resistance (worn)
 q - a cursed +0 robe
Jewellery
 c - an amulet of guardian spirit (around neck)
 r - a ring of protection from fire (left claw)
 C - an uncursed amulet of faith
 F - a ring of poison resistance (right claw)
Wands
 e - a wand of enslavement (5/24)
 u - a wand of flame (29/48)
 A - a wand of flame (30/48)
 B - a wand of random effects (30/48)
 D - a wand of random effects (21/48)
 J - a wand of lightning (7/15)
 M - a wand of polymorph (18/24)
Scrolls
 a - 2 scrolls of remove curse
 d - 6 scrolls of random uselessness
 g - a scroll of torment {unknown}
 j - 2 scrolls of teleportation
 m - 4 scrolls of amnesia
 x - a scroll of enchant armour {unknown}
 y - 2 scrolls of magic mapping {unknown}
 I - 3 scrolls of acquirement {unknown}
 K - a scroll of identify
Potions
 f - a potion of lignification
 h - 3 potions of might {unknown}
 k - 4 potions of curing {unknown}
 l - 4 potions of degeneration {unknown}
 n - a potion of berserk rage {unknown}
 p - 2 potions of mutation {unknown}
 v - a potion of haste {unknown}
 E - a potion of brilliance {unknown}
 N - a potion of invisibility
Books
 z - a book of Misfortune

   Spells                             Type                      Level
   a - Confusing Touch                Hexes                        1
   b - Confuse                        Hexes                        3
   c - Gell's Gravitas                Translocation                3
   d - Petrify                        Transmutation/Earth          4
   e - Metabolic Englaciation         Hexes/Ice                    5
   f - Yara's Violent Unravelling     Hexes/Transmutation          5
 H - a book of Enchantments

   Spells                             Type                      Level
   a - Cause Fear                     Hexes                        4
   b - Yara's Violent Unravelling     Hexes/Transmutation          5
   c - Silence                        Hexes/Air                    5
   d - Deflect Missiles               Charms/Air                   6
   e - Discord                        Hexes                        8
Comestibles
 b - 3 bread rations
 i - 6 fruits
 s - 3 royal jellies
 t - 5 meat rations


   Skills:
 - Level 2.4 Fighting
 * Level 9.0 Dodging
 - Level 1.0 Stealth
 + Level 11.1 Unarmed Combat
 + Level 4.8 Invocations
 + Level 4.0 Evocations


You had 9 spell levels left.
You didn't know any spells.

Dungeon Overview and Level Annotations

Branches:
Dungeon (9/15)             Temple (1/1) D:6            Lair (1/6) D:9
    Orc: D:9-12

Altars:
Ashenzari
Cheibriados
Dithmenos
Elyvilon
Fedhas
Hepliaklqana
Kikubaaqudgha
Makhleb
Nemelex Xobeh
Okawaru
Qazlal
Ru
Trog
Uskayaw
Vehumet
Yredelemnul
Zin
The Shining One
Beogh

Shops:
D:7 *

Annotations:
D:5 1 transporter
Lair:1 Sonja


Innate Abilities, Weirdness & Mutations

You are too large for most types of armour.
You have claws for hands.
Your metabolism is lightning-fast.
You like to eat raw meat.
Your natural rate of healing is unusually fast.
You are covered in fur. (AC +1)
You have very tough skin. (AC +2)


Message History

The five-headed hydra bites you but does no damage.
The five-headed hydra bites you.
The five-headed hydra bites you but does no damage. x3
The five-headed hydra bites you! x2
The five-headed hydra bites you but does no damage. x3
The five-headed hydra bites you.
The five-headed hydra bites you but does no damage.
The five-headed hydra bites you!
The five-headed hydra bites you but does no damage. x2
The five-headed hydra bites you but does no damage. x4
The five-headed hydra bites you!
You feel less wooden.
Your +2 robe of magic resistance unmelds from your body.
You feel resistant to hostile enchantments.
The five-headed hydra bites you. The five-headed hydra bites you!
* * * LOW HITPOINT WARNING * * *
The five-headed hydra bites you!
* * * LOW HITPOINT WARNING * * *
The five-headed hydra bites you!
You die...

#....D.#.>..#
.........#......
..#......+....#P
.........#....#
..#......#....#
. ######.#....
.......##
......D.#######
.......@.......
...............
.../...........
............P.P
........#......
###P....#......
......#......
..............


You could see a five-headed hydra.

Vanquished Creatures
  A two-headed ogre (D:8)
  A wyvern (D:8)
  4 wraiths (D:8)
  Menkaure (D:7)
  Edmund (D:5)
  5 porcupines
  A black bear (D:8)
  9 orc warriors
  2 ice beasts
  2 sky beasts
  3 ogres
  4 phantoms
  2 centaurs
  2 crocodiles (D:9)
  9 bullfrogs
  2 scorpions
  5 wights (D:7)
  2 howler monkeys
  6 crimson imps
  2 bullfrog zombies
  2 bullfrog skeletons
  2 centaur skeletons
  A hound (D:8)
  8 orc wizards
  Crazy Yiuf (D:3)
  5 orc priests
  Jessica (D:2)
  5 iguanas
  Natasha (twice) (D:2)
  6 worker ants
  2 hound skeletons
  3 worker ant zombies
  3 gnolls (D:2)
  A howler monkey skeleton (D:6)
  7 adders
  7 river rats (D:4)
  A shadow imp (D:9)
  An ooze (D:4)
  4 adder skeletons
  4 worms
  2 dart slugs
  4 leopard geckos
  56 orcs
  A ball python (D:5)
  6 giant cockroaches
  7 goblins
  9 hobgoblins
  4 jackals (D:3)
  10 kobolds
  2 quokkas
  5 bats
  6 frilled lizards
  A jackal skeleton (D:5)
  A leopard gecko skeleton (D:4)
  A quokka zombie (D:9)
  22 rats
  A fungus (D:9)
  A plant (D:9)
269 creatures vanquished.

Vanquished Creatures (others)
  26 fungi
26 creatures vanquished.

Grand Total: 295 creatures vanquished

Notes
Turn   | Place    | Note
-------+----------+-------------------------------------------
     0 | D:1      | cereshysteria the Troll Monk began the quest for the Orb.
     0 | D:1      | Reached XP level 1. HP: 22/22 MP: 0/0
   647 | D:1      | Reached XP level 2. HP: 29/29 MP: 1/1
   873 | D:2      | Noticed Jessica
   883 | D:2      | Killed Jessica
   883 | D:2      | Reached XP level 3. HP: 31/36 MP: 2/2
   969 | D:2      | Reached skill level 4 in Unarmed Combat
  1340 | D:2      | Reached XP level 4. HP: 44/44 MP: 3/3
  1716 | D:2      | Noticed Natasha
  1724 | D:2      | Killed Natasha
  1728 | D:2      | Reached skill level 5 in Unarmed Combat
  1742 | D:2      | Noticed Natasha
  1750 | D:2      | Killed Natasha
  1750 | D:2      | Reached XP level 5. HP: 50/50 MP: 4/4
  1933 | D:3      | Found a sparkling altar of Nemelex Xobeh.
  1981 | D:3      | Found a sacrificial altar of Ru.
  2090 | D:3      | Reached skill level 6 in Unarmed Combat
  2090 | D:3      | Reached XP level 6. HP: 27/59 MP: 5/5
  2178 | D:3      | Found a glowing drain.
  2208 | Sewer    | Entered a sewer
  2387 | D:3      | Found a runed door.
  2684 | D:3      | Noticed Crazy Yiuf
  2689 | D:3      | Killed Crazy Yiuf
  2921 | D:4      | Reached skill level 7 in Unarmed Combat
  2921 | D:4      | Reached XP level 7. HP: 66/66 MP: 6/6
  2981 | D:4      | Found a bloodstained altar of Trog.
  3814 | D:5      | Entered Level 5 of the Dungeon
  3818 | D:5      | Found a transporter.
  3860 | D:5      | Found a transporter.
  3890 | D:5      | Noticed Edmund
  4165 | D:5      | Reached skill level 8 in Unarmed Combat
  4290 | D:5      | Found a glowing golden altar of the Shining One.
  4367 | D:5      | Killed Edmund
  4367 | D:5      | Reached XP level 8. HP: 34/74 MP: 7/7
  4542 | D:5      | Reached skill level 9 in Unarmed Combat
  4968 | D:6      | Found a staircase to the Ecumenical Temple.
  5050 | D:7      | Noticed Menkaure
  5336 | D:6      | Reached skill level 10 in Unarmed Combat
  5384 | D:6      | Reached skill level 5 in Dodging
  5400 | D:6      | Noticed a hippogriff
  5675 | D:7      | Found a burning altar of Makhleb.
  5768 | D:7      | Found a white marble altar of Elyvilon.
  6141 | D:9      | Found a staircase to the Lair.
  6529 | Temple   | Entered the Ecumenical Temple
  6713 | Temple   | Became a worshipper of Cheibriados the Contemplative
  6713 | Temple   | Reached * piety under Cheibriados
  6713 | Temple   | Reached ** piety under Cheibriados
  6861 | D:7      | Killed Menkaure
  6861 | D:7      | Reached XP level 9. HP: 75/80 MP: 8/8
  6868 | D:7      | Found Ekisk's General Store.
  6884 | D:7      | Bought a potion of heal wounds for 70 gold pieces
  7011 | D:7      | Found a basalt altar of Yredelemnul.
  7100 | D:7      | Reached skill level 1 in Invocations
  7220 | D:7      | Reached skill level 1 in Evocations
  7427 | D:7      | Found an ancient bone altar of Kikubaaqudgha.
  7433 | D:7      | Found an iron altar of Okawaru.
  7499 | D:7      | Found a blossoming altar of Fedhas.
  8331 | D:8      | Noticed a two-headed ogre
  8339 | D:8      | Killed a two-headed ogre
  8339 | D:8      | Reached *** piety under Cheibriados
  8339 | D:8      | Reached XP level 10. HP: 58/88 MP: 7/11
  8531 | D:8      | Found a roughly hewn altar of Beogh.
  8557 | D:8      | HP: 4/88 [orc warrior/glaive (10)]
  9407 | D:9      | Reached **** piety under Cheibriados
  9556 | D:9      | Reached skill level 11 in Unarmed Combat
 10244 | D:9      | Reached ***** piety under Cheibriados
 10392 | Lair:1   | Entered Level 1 of the Lair of Beasts
 10527 | Lair:1   | Noticed Sonja
 10541 | Lair:1   | Noticed a five-headed hydra
 10580 | Lair:1   | Slain by a five-headed hydra

Skill      XL: |  1  2  3  4  5  6  7  8  9 10 |
---------------+-------------------------------+-----
Unarmed Combat | 4 5 6 7 8 10 11 | 11.1
Dodging        | 3 4 6 7 9 |  9.0
Invocations    | 3 4 |  4.8
Evocations     | 2 4 |  4.0
Fighting       | |  2.4
Stealth        | |  1.0

Action                   |  1- 3 |  4- 6 |  7- 9 | 10-12 || total
-------------------------+-------+-------+-------+-------++-------
Melee: Unarmed           |    81 |   149 |   319 |   190 ||   739
       Punch             |     1 |     4 |    10 |    12 ||    27
Invok: Bend Time         |       |       |       |     1 ||     1
  Use: Scroll            |       |     5 |    13 |     5 ||    23
       Potion            |       |       |     4 |     4 ||     8
 Stab: Sleeping          |     2 |     2 |     1 |     1 ||     6
       Paralysed         |       |     1 |       |       ||     1
       Distracted        |       |       |     3 |       ||     3
  Eat: Bread ration      |     1 |       |     5 |     3 ||     9
       Chunk             |     4 |    10 |    22 |     2 ||    38
       Meat ration       |     1 |       |       |       ||     1
       Fruit             |       |       |     2 |       ||     2
Armor: Robe              |    22 |    73 |    89 |    38 ||   222
       Skin              |     1 |       |       |    48 ||    49
Dodge: Dodged            |    34 |    95 |   180 |   185 ||   494
